 Dungeon Crawl Stone Soup version 0.20-a0-1000-g0e8f6bb (webtiles) character file.

805 qqqbard the Cudgeler (level 7, -1/61 HPs)
             Began as a Minotaur Gladiator on Apr 12, 2017.
             Slain by MoronicCinamun's ghost (8 damage)
             ... on level 5 of the Dungeon.
             The game lasted 00:07:46 (4150 turns).

qqqbard the Cudgeler (Minotaur Gladiator)           Turns: 4150, Time: 00:07:46

Health: -1/61      AC: 11    Str: 21    XL:     7   Next: 60%
Magic:  6/6        EV:  5    Int:  7    God:
Gold:   247        SH:  9    Dex: 11    Spells: 6/6 levels left

rFire    . . .     SeeInvis .   t - +0 morningstar
rCold    . . .     Gourm    .   w - +0 shield
rNeg     . . .     Faith    .   h - +0 plate armour (curse)
rPois    .         Spirit   .   c - +0 hat
rElec    .         Reflect  .   (no cloak)
rCorr    .         Harm     .   (no gloves)
MR       .....                  (no boots)
Stlth    ..........             (no amulet)
Regen    0.2/turn               (no ring)
MPRegen  0.1/turn               (no ring)

@: lethally poisoned (-1 -> -2)
A: retaliatory headbutt, horns 2, talons 1, clever 1
a: no special abilities


You were on level 5 of the Dungeon.
You were not hungry.

You visited 1 branch of the dungeon, and saw 5 of its levels.

You collected 247 gold pieces.

Inventory:

Hand Weapons
 t - a +0 morningstar (weapon)
Missiles
 d - 3 throwing nets (quivered)
Armour
 b - a +0 leather armour
 c - a +0 hat (worn)
 h - a cursed +0 plate armour (worn)
 w - a +0 shield (worn)
Jewellery
 p - a +4 ring of intelligence {unknown}
 r - an uncursed ring of flight {unknown}
 x - a cursed -6 ring of intelligence {unknown}
 y - a cursed amulet of inaccuracy {unknown}
Scrolls
 i - 2 scrolls of amnesia {unknown}
 k - 2 scrolls of enchant weapon {unknown}
 l - 2 scrolls of fog {unknown}
 m - 3 scrolls of teleportation {unknown}
 n - a scroll of identify {unknown}
 o - 2 scrolls of immolation {unknown}
 s - 2 scrolls of remove curse {unknown}
 A - a scroll of blinking {unknown}
Potions
 q - a potion of haste
Comestibles
 a - 3 chunks of flesh
 f - 5 bread rations
 g - a meat ration
 j - 3 fruits
 u - 2 royal jellies


   Skills:
 + Level 5.0 Fighting
 * Level 7.2 Maces & Flails
 - Level 2.0 Throwing
 + Level 3.6 Armour
 + Level 5.2 Dodging
 + Level 2.7 Shields


You had 6 spell levels left.
You didn't know any spells.

Dungeon Overview and Level Annotations

Branches:
Dungeon (5/15)
 Temple: D:4-7

Altars:
Qazlal

Shops:
D:5 =

Annotations:
D:5 MoronicCinamun's ghost, novice MfGl


Innate Abilities, Weirdness & Mutations

You reflexively headbutt those who attack you in melee.
You have a pair of horns on your head.
You have sharp toenails.
Your mind is acute. (Int +2)


Message History

You feel less invigorated.
You feel less confused.
A sky beast appears from thin air!
Reactivating autopickup.
MoronicCinamun's ghost hits you!
* * * LOW HITPOINT WARNING * * *
You closely miss MoronicCinamun's ghost.
You headbutt MoronicCinamun's ghost!
MoronicCinamun's ghost is moderately damaged.
You feel sick.
You block MoronicCinamun's ghost's attack.
You closely miss MoronicCinamun's ghost.
You claw MoronicCinamun's ghost, but do no damage.
You headbutt MoronicCinamun's ghost.
MoronicCinamun's ghost is moderately damaged.
You block MoronicCinamun's ghost's attack.
You puncture MoronicCinamun's ghost!
MoronicCinamun's ghost is severely damaged.
MoronicCinamun's ghost hits you!
You die...

.............>
............... ...
.............#.......
#.........#........#
##.......#...........
#..........#.#......
#..........#.....o.
.###.........##o#..#
.............@WY...# .
####.%.......###...### .#
##................##.##
..<........##.........>##
##......................
#.........##..........##
#.............#..#.##..##
#.........#.............###
##...........####.........#


You could see a sky beast, MoronicCinamun's ghost and an orc.

Vanquished Creatures
  Duvessa (D:4)
  A bullfrog (D:4)
  Dowan (D:4)
  A scorpion (D:4)
  2 killer bees (D:4)
  A howler monkey (D:4)
  2 orc priests
  2 orc wizards (D:4)
  2 worker ants (D:4)
  A hound skeleton (D:4)
  5 adders
  7 gnolls (D:4)
  3 oozes
  3 worms
  2 dart slugs
  3 leopard geckos
  10 orcs
  9 bats
  4 giant cockroaches
  14 goblins
  11 hobgoblins
  5 kobolds
  7 quokkas
  2 ball pythons
  6 frilled lizards
  10 rats
  A plant (D:4)
116 creatures vanquished.

Vanquished Creatures (others)
  2 plants (D:4)
2 creatures vanquished.

Grand Total: 118 creatures vanquished

Notes
Turn   | Place    | Note
-------+----------+-------------------------------------------
     0 | D:1      | qqqbard the Minotaur Gladiator began the quest for the Orb.
     0 | D:1      | Reached XP level 1. HP: 18/18 MP: 0/0
    64 | D:1      | Reached skill level 4 in Maces & Flails
    64 | D:1      | Reached XP level 2. HP: 13/25 MP: 1/1
    72 | D:1      | Reached skill level 1 in Armour
   765 | D:2      | Reached XP level 3. HP: 31/31 MP: 2/2
  1143 | D:2      | Reached XP level 4. HP: 38/38 MP: 3/3
  1465 | D:3      | Reached skill level 5 in Maces & Flails
  1532 | D:3      | Reached XP level 5. HP: 24/46 MP: 4/4
  1969 | D:4      | Noticed Duvessa
  2238 | D:4      | Reached skill level 1 in Shields
  2254 | D:4      | Killed Duvessa
  2254 | D:4      | Reached skill level 6 in Maces & Flails
  2254 | D:4      | Reached XP level 6. HP: 12/52 MP: 5/5
  2261 | D:4      | Noticed Dowan
  2358 | D:4      | Killed Dowan
  2854 | D:4      | Reached XP level 7. HP: 54/60 MP: 6/6
  3387 | D:4      | Found a stormy altar of Qazlal.
  3439 | D:4      | Reached skill level 5 in Dodging
  3714 | D:5      | Entered Level 5 of the Dungeon
  3714 | D:5      | Found Yhuzeih's Jewellery Emporium.
  3721 | D:4      | Reached skill level 7 in Maces & Flails
  3727 | D:4      | Reached skill level 5 in Fighting
  3744 | D:4      | Gained mutation: Your mind is acute. (Int +2) [potion of mutation]
  3744 | D:4      | Gained mutation: You have sharp toenails. [potion of mutation]
  3755 | D:4      | HP: 3/61 [poisoned by a killer bee]
  3760 | D:4      | HP: 2/61 [poisoned by a killer bee]
  3767 | D:4      | HP: 1/61 [poisoned by a killer bee]
  3775 | D:4      | HP: 1/61 [poisoned by a killer bee]
  4114 | D:5      | Noticed MoronicCinamun's ghost (novice MfGl)
  4150 | D:5      | Slain by MoronicCinamun's ghost

Vault maps used:
D:1:      dpeg_arrival_connections, serial_glass, glass_columns_b,
          glass_columns_b, glass_columns_c, glass_columns_c, glass_columns_b,
          glass_columns_b
D:2:      cheibrodos_greedy_goblins
D:4:      wad_woods_settlement, kennysheep_mini_moat, serial_bayou,
          serial_bayou_lagoon_a, serial_bayou_pond_e, serial_bayou_pond_b,
          serial_bayou_crossing, minmay_misc_feat_iff, abandoned_shop,
          uniq_duvessa
D:5:      serial_shops, shop, first_bread

Skill      XL: |  1  2  3  4  5  6  7 |
---------------+----------------------+-----
Maces & Flails | 4 5 6 7 |  7.2
Armour         | 1 2 3 |  3.6
Fighting       | 3 4 5 |  5.0
Dodging        | 4 5 |  5.2
Shields        | 1 2 |  2.7
Throwing       | |  2.0

Action                   |  1- 3 |  4- 6 |  7- 9 || total
-------------------------+-------+-------+-------++-------
Melee: Flail             |    97 |   168 |    52 ||   317
       Headbutt          |    17 |    28 |    15 ||    60
       Morningstar       |       |       |    46 ||    46
       Kick              |       |       |     6 ||     6
  Use: Scroll            |     1 |       |       ||     1
       Potion            |       |     1 |     6 ||     7
  Eat: Chunk             |     1 |     6 |     4 ||    11
Armor: Leather armour    |     7 |       |       ||     7
       Plate armour      |    46 |   107 |    67 ||   220
Dodge: Dodged            |    39 |    46 |    35 ||   120
Block: Shield            |       |    69 |    56 ||   125
